Selects Air and Sea Battlegroup
Selects Air and Sea Battlegroup
Selects Air and Sea Battlegroup
Construct Section Command Post
Construct Platoon Command Post
Selects Commando Section Paradrop
Commando Section Paradrop
6-pounder Anti-tank Gun Team
Selects Commando LMG Section Paradrop
Construct Company Command Post
Commando LMG Section Paradrop
Commando LMG Section Paradrop
Selects Incendiary Bombing Run
Unlock M3 Grant Medium Tanks
Unlock Towed 17-pounder Anti-tank Guns
17-pounder Anti-tank Gun Team
Selects Centaur Medium Tank